 Dungeon Crawl Stone Soup version 0.25.0-37-gb73750e0fb (console) character file.

Game seed: 16691658444183919907

44 Colgate the Skirmisher (level 3, -3/31 HPs)
             Began as a Draconian Warper on July 9, 2020.
             Slain by Jessica (5 damage)
             ... on level 2 of the Dungeon.
             The game lasted 00:15:22 (2189 turns).

Colgate the Skirmisher (Draconian Warper)           Turns: 2189, Time: 00:15:23

Health: -3/31      AC:  6    Str: 13    XL:     3   Next: 41%
Magic:  2/6        EV: 12    Int: 14    God:
Gold:   118        SH:  0    Dex: 10    Spells: 2/6 levels left

rFire    . . .     SeeInvis .     - Unarmed
rCold    . . .     Gourm    .   (no shield)
rNeg     . . .     Faith    .   (armour unavailable)
rPois    .         Spirit   .   (helmet restricted)
rElec    .         Reflect  .   (no cloak)
rCorr    .         Harm     .   (no gloves)
MR       .....                  p - +0 pair of boots
Stlth    ++........             (no amulet)
HPRegen  0.10/turn              o - ring of stealth
MPRegen  0.10/turn              (no ring)

@: slowed, very slow
A: unfitting armour, cold-blooded, AC +5
a: no special abilities


You were on level 2 of the Dungeon.
You were not hungry.

You visited 1 branch of the dungeon, and saw 2 of its levels.

You collected 118 gold pieces.

Inventory:

Missiles
 a - 11 stones (quivered)
 c - 5 boomerangs of dispersal
 i - 25 bolts
 m - 18 arrows
Armour
 p - a +0 pair of boots (worn)
Jewellery
 o - a ring of stealth (left hand)
Scrolls
 b - a scroll of blinking
 e - a scroll of remove curse {unknown}
 h - a scroll of identify {unknown}
 k - 2 scrolls of teleportation {unknown}
 n - a scroll of enchant weapon {unknown}
Potions
 f - 3 potions of curing {unknown}
 g - 2 potions of heal wounds {unknown}
 l - 2 potions of lignification {unknown}
Comestibles
 d - 4 rations
 j - 4 chunks of flesh


   Skills:
 - Level 3.1 Fighting
 + Level 1.4 Throwing
 - Level 2.1 Dodging
 - Level 3.0 Unarmed Combat
 - Level 2.0 Spellcasting
 - Level 3.0 Translocations


You had 2 spell levels left.
You knew the following spells:

 Your Spells              Type           Power        Failure   Level  Hunger
a - Blink                 Tloc           N/A          11%         2    ###....
b - Shroud of Golubria    Chrm/Tloc      #.....       19%         2    ###....

Your spell library contained the following spells:

 Spells                   Type           Power        Failure   Level  Hunger
 Gell's Gravitas          Tloc           #.........   21%         3    ####...
 Lesser Beckoning         Tloc           #.........   21%         3    ####...
 Teleport Other           Tloc           #.......     21%         3    ####...
 Passage of Golubria      Tloc           N/A          56%         4    #####..


Dungeon Overview and Level Annotations

Branches:
Dungeon (2/15)

Altars:

Annotations:
D:2 Jessica


Innate Abilities, Weirdness & Mutations

Your plain brown scales are hard. (AC +5)
You cannot fit into any form of body armour.
You are cold-blooded and may be slowed by cold attacks.


Message History

Pain shoots through your body!
* * * LOW HITPOINT WARNING * * *
Jessica misses you.
Casting: Shroud of Golubria (safe; 19% risk of failure)
Confirm with . or Enter, or press ? or * to list all spells.
You blink.
Jessica closely misses you. The rat barely misses you.
Jessica points at you and mumbles some strange words.
Pain shoots through your body!
* * * LOW HITPOINT WARNING * * *
Casting: Blink (safe; 11% risk of failure)
Confirm with . or Enter, or press ? or * to list all spells.
You don't have enough magic to cast that spell.
Jessica barely misses you. Jessica gestures at you while chanting.
You feel yourself slow down.
You hit Jessica.
Jessica is lightly wounded.
Your shroud unravels.
Jessica hits you.
You die...

#$... #..... ##.... #....r .....
#..... #.... ..... #.#.# . . ...
#.#.# #####..
.#.###.##<#.##########+###......
%.....................>..(...(((
##.#...###.#####.####.###......
#.......r.@@.........#......
#.#.###.#####.#####..#######
...((.....§........#..#
##############.......#..# ...
#........#.# #.####.#
#......#.#.# +.+..#.# #......#
.. #.#..#.# .##......# ..
+##.#'##.#+##.####.#### .
..÷÷..........####.####
'##.#'##.#+##.##......#


You could see Jessica (fast) and a rat.

Vanquished Creatures
  A worm (D:2)
  3 dart slugs
  A leopard gecko (D:1)
  3 giant cockroaches
  4 goblins
  A hobgoblin (D:1)
  6 jackals
  2 kobolds (D:1)
  A ball python (D:1)
  5 bats
  2 frilled lizards
  5 rats
34 creatures vanquished.

Notes
Turn   | Place    | Note
-------+----------+-------------------------------------------
     0 | D:1      | Colgate the Draconian Warper began the quest for the Orb.
     0 | D:1      | Reached XP level 1. HP: 17/17 MP: 3/3
   679 | D:1      | Reached XP level 2. HP: 10/26 MP: 5/5
   683 | D:1      | Learned a level 2 spell: Blink
  1868 | D:2      | Reached XP level 3. HP: 31/31 MP: 6/6
  1932 | D:2      | Reached skill level 1 in Throwing
  1936 | D:2      | Learned a level 2 spell: Shroud of Golubria
  2161 | D:2      | Noticed Jessica
  2189 | D:2      | Slain by Jessica

Illustrated notes

Levels and vault maps discovered:
D:1:      psy_arrival_whirlpool, layout_loops_corners
D:2:      minmay_door_path, layout_basic, chequers_ecumenical_altar_grove,
          minmay_crystal_room, uniq_crazy_yiuf_cottage, uniq_jessica,
          uniq_sigmund

Skill      XL: |  1  2  3 |
---------------+----------+-----
Fighting       | 3 |  3.1
Unarmed Combat | 3 |  3.0
Throwing       | 1 |  1.4
Dodging        | |  2.1
Spellcasting   | |  2.0
Translocations | |  3.0

Action                   || total
-------------------------++-------
Melee: Unarmed           ||   156
       Tailslap          ||    12
       Punch             ||     1
Throw: Stone             ||    72
 Cast: Shroud of Golubri ||     2
       Blink             ||     1
 Stab: Sleeping          ||     2
  Eat: Chunk             ||     4
Armor: Skin              ||    44
Dodge: Dodged            ||    82
